 Dungeon Crawl Stone Soup version 0.18.1-48-g4cf74bf (webtiles) character file.

168 nikopol the Chopper (level 5, -1/47 HPs)
             Began as a Minotaur Berserker on Sept 3, 2016.
             Was a Believer of Trog.
             Slain by Grinder (3 damage)
             ... on level 3 of the Dungeon.
             The game lasted 00:04:21 (2360 turns).

nikopol the Chopper (Minotaur Berserker)            Turns: 2360, Time: 00:04:22

Health: -1/47      AC:  9    Str: 22    XL:     5   Next: 23%
Magic:  4/4        EV: 12    Int:  4    God:    Trog [**....]
Gold:   137        SH:  0    Dex: 10    Spells: 0 memorised, 4 levels left

rFire  . . .     SeeInvis .     u - -3 war axe (curse)
rCold  . . .     Gourm    .     z - +0 ring mail
rNeg   . . .     Faith    .     (no shield)
rPois  .         Spirit   .     j - +2 hat
rElec  .         Dismiss  .     (no cloak)
rCorr  .         Reflect  .     (no gloves)
SustAt .         Harm     .     t - +0 pair of boots
MR     .....                    (no amulet)
Stlth  ..........               (no ring)
                                (no ring)

@: not resistant to hostile enchantments, extremely unstealthy
A: retaliatory headbutt, horns 2
a: Berserk, Trog's Hand, Burn Spellbooks, Renounce Religion


You were on level 3 of the Dungeon.
You worshipped Trog.
Trog was pleased with you.
You were not hungry.

You visited 1 branch of the dungeon, and saw 3 of its levels.

You collected 137 gold pieces.

Inventory:

Hand Weapons
 a - a +0 hand axe
 u - a cursed -3 war axe (weapon)
Missiles
 v - 13 arrows
Armour
 b - a +0 animal skin
 j - a +2 hat (worn)
 p - a +0 leather armour
 t - a +0 pair of boots (worn)
 z - a +0 ring mail (worn)
Jewellery
 n - an uncursed ring of stealth {unknown}
Scrolls
 g - a scroll of enchant weapon {unknown}
 l - a scroll of recharging {unknown}
 o - a scroll of noise {unknown}
 w - 4 scrolls of identify {unknown}
 y - a scroll of blinking {unknown}
 B - a scroll of amnesia {unknown}
Potions
 e - 2 potions of brilliance {unknown}
 f - 4 potions of curing {unknown}
 i - a potion of ambrosia {unknown}
 k - 5 potions of degeneration {unknown}
 q - 3 potions of might {unknown}
 r - 2 potions of heal wounds {unknown}
 x - a potion of cancellation {unknown}
Comestibles
 c - 2 bread rations
 d - 4 fruits
 h - 2 meat rations
 m - a royal jelly
 s - a chunk of flesh
 A - a slice of pizza


   Skills:
 + Level 4.7 Fighting
 + Level 4.8 Axes
 + Level 3.9 Armour
 + Level 3.4 Dodging


You had 4 spell levels left.
You didn't know any spells.

Dungeon Overview and Level Annotations

Branches:
Dungeon (3/15)

Altars:

Annotations:
D:3 Grinder


Innate Abilities, Weirdness & Mutations

You reflexively headbutt those who attack you in melee.
You have a pair of horns on your head.


Message History

Grinder is moderately wounded.
Grinder hits you!
* * * LOW HITPOINT WARNING * * *
You writhe in agony.
* * * LOW HITPOINT WARNING * * *
You are too injured to fight recklessly!
You are too injured to fight recklessly!
You closely miss Grinder. You headbutt Grinder!
Grinder is heavily wounded.
Grinder gestures at you.
You barely resist. You hit Grinder but do no damage.
Your headbutt misses Grinder.
Grinder is heavily wounded.
Grinder hits you but does no damage. x2
You hit Grinder. You headbutt Grinder.
Grinder is severely wounded.
Grinder hits you.
* * * LOW HITPOINT WARNING * * *
You writhe in agony.
You die...

#
........####............#
#
#.................)......#
#
#.......#####.#...(......#
#.....(.# #..#..........#
......####.##...........
..........#....(.....#
..........?...########
).........#####
####....@)# #....5.#
#......# #......# ########


You could see Grinder.

Vanquished Creatures
  Ijyb (D:3)
  9 adders
  An ooze (D:3)
  3 worms
  2 dart slugs (D:1)
  A giant gecko (D:2)
  An orc (D:3)
  3 ball pythons (D:2)
  6 hobgoblins
  10 kobolds
  A quokka (D:3)
  6 bats
  3 giant newts
  A goblin (D:3)
  3 rats (D:2)
  A bush (D:1)
  2 plants (D:1)
54 creatures vanquished.

Notes
Turn   | Place    | Note
--------------------------------------------------------------
     0 | D:1      | nikopol the Minotaur Berserker began the quest for the Orb.
     0 | D:1      | Reached XP level 1. HP: 19/19 MP: 0/0
   296 | D:1      | Reached XP level 2. HP: 20/27 MP: 1/1
  1215 | D:2      | Reached XP level 3. HP: 32/33 MP: 2/2
  1345 | D:2      | Reached ** piety under Trog
  1439 | D:2      | Reached XP level 4. HP: 19/40 MP: 3/3
  1782 | D:3      | Noticed Ijyb
  1791 | D:3      | Killed Ijyb
  1791 | D:3      | Reached XP level 5. HP: 25/47 MP: 4/4
  2209 | D:3      | Found a faded altar to an unknown god.
  2344 | D:3      | Noticed Grinder
  2360 | D:3      | HP: 2/47 [Grinder (2)]
  2360 | D:3      | Slain by Grinder

Skill      XL: |  1  2  3  4 |
---------------+-------------+-----
Axes           | 4 |  4.8
Fighting       | 4 |  4.7
Armour         | 3 |  3.9
Dodging        | 3 |  3.4

Action                   |  1- 3 |  4- 6 || total
-------------------------+-------+-------++-------
Melee: Hand axe          |   156 |    17 ||   173
       Headbutt          |    46 |    12 ||    58
       War axe           |       |    41 ||    41
 Stab: Distracted        |       |     1 ||     1
  Eat: Chunk             |     2 |     3 ||     5
Armor: Animal skin       |    13 |       ||    13
       Leather armour    |     6 |    22 ||    28
       Ring mail         |       |     3 ||     3
Dodge: Dodged            |    49 |    38 ||    87
